 Dungeon Crawl Stone Soup version 0.18.1-48-g4cf74bf (webtiles) character file.

1000 Mesmaeker13 the Bolt Thrower (level 8, -9/63 HPs)
             Began as a Demonspawn Hunter on Aug 11, 2016.
             Mangled by an orc warrior
             ... wielding a +0 war axe
              (19 damage)
             ... on level 7 of the Dungeon.
             The game lasted 00:10:51 (4293 turns).

Mesmaeker13 the Bolt Thrower (Demonspawn Hunter)    Turns: 4293, Time: 00:10:51

Health: -9/63      AC:  8    Str: 12      XL:     8   Next: 0%
Magic:  8/8        EV: 13    Int: 13      God:
Gold:   120        SH:  0    Dex: 14 (16) Spells: 0 memorised, 7 levels left

rFire  . . .     SeeInvis .     q - +1 dagger (venom)
rCold  . . .     Gourm    .     l - +0 ring mail
rNeg   . . .     Faith    .     (no shield)
rPois  .         Spirit   .     j - +0 helmet
rElec  .         Dismiss  .     m - +0 cloak
rCorr  .         Reflect  .     e - +0 pair of gloves
SustAt .         Harm     .     (no boots)
MR     .....                    (no amulet)
Stlth  +++.......               (no ring)
                                (no ring)

@: not resistant to hostile enchantments, fairly stealthy
A: hooves 2, deterioration 1, mutation resistance 1, nightstalker 2, sturdy
frame 1
a: no special abilities


You were on level 7 of the Dungeon.
You were not hungry.

You visited 1 branch of the dungeon, and saw 7 of its levels.

You collected 120 gold pieces.

Inventory:

Hand Weapons
 a - a +1 hand crossbow
 b - a +0 short sword
 q - a +1 dagger of venom (weapon)
 v - a +2 dagger of speed
Missiles
 d - 28 bolts
Armour
 e - a +0 pair of gloves (worn)
 j - a +0 helmet (worn)
 l - a +0 ring mail (worn)
 m - a +0 cloak (worn)
Magical Staves
 w - an uncursed staff of earth {unknown}
Wands
 c - a wand of paralysis (10/24)
Scrolls
 k - a scroll of remove curse
 o - a scroll of immolation
 t - 2 scrolls of teleportation
 u - 2 scrolls of amnesia {unknown}
 y - a scroll of identify
 z - a scroll of fear {unknown}
 A - a scroll of brand weapon {unknown}
 B - a scroll of enchant weapon {unknown}
Potions
 i - a potion of curing
 n - a potion of haste
 p - a potion of flight {unknown}
 s - a potion of cure mutation {unknown}
Books
 r - a book of Battle

   Spells                             Type                      Level
   a - Infusion                       Charms                       1
   b - Shroud of Golubria             Charms/Translocation         2
   c - Song of Slaying                Charms                       2
   d - Spectral Weapon                Hexes/Charms                 3
   e - Regeneration                   Charms/Necromancy            3
Comestibles
 f - 5 bread rations
 g - 2 meat rations
 h - 4 fruits


   Skills:
 + Level 5.6 Fighting
 + Level 6.0 Crossbows
 + Level 5.1 Dodging
 - Level 0.8 Stealth


You had 7 spell levels left.
You didn't know any spells.

Dungeon Overview and Level Annotations

Branches:
Dungeon (7/15)             Temple (0/1) D:5

Altars:
Ashenzari
Kikubaaqudgha

Annotations:
D:7 sarahorange's ghost, novice DsFi


Innate Abilities, Weirdness & Mutations

You have hoof-like feet.
You are significantly more attuned to the shadows.
Your movements are slightly less encumbered by armour (ER -2).
Your body sometimes deteriorates upon taking damage.
You are somewhat resistant to further mutation.


Message History

Eat which item? (? for menu, Esc to quit)
Mmm...
Mozzarella pizza.
An orc warrior comes into view. It is wielding a war axe.
The orc warrior shouts!
The orc shouts!
Sarahorange's ghost (novice Demonspawn Fighter) comes into view.
There is a stone staircase leading down here.
An orc comes into view. It is wielding a trident.
You are too injured to fight recklessly!
You are too injured to fight recklessly!
You are too injured to fight recklessly!
You are too injured to fight recklessly!
Sarahorange's ghost turns its malevolent gaze towards you.
You hit the orc.
The orc is poisoned.
Your kick misses the orc.
The orc is heavily wounded.
The orc hits you with a flail.
* * * LOW HITPOINT WARNING * * *
You completely miss the orc.
The orc is heavily wounded.
The orc warrior hits you with a war axe!!
You die...

####.#.#.#
...#.#.#
###.#.#.#
......#.#
###.#.#.#
#.#...# #
##..#
#.>######
#..@o....
#...o.o..
#....W...
#........
#........
+........


You could see an orc warrior, sarahorange's ghost and 2 orcs.

Vanquished Creatures
  2 ogres
  2 centaurs
  A big kobold (D:5)
  A crimson imp (D:5)
  A hound (D:5)
  4 orc priests
  5 orc wizards
  A giant frog skeleton (D:5)
  2 worker ants
  Robin (D:2)
  5 adders
  A river rat (D:4)
  An ooze (D:2)
  6 worms
  2 dart slugs
  5 giant geckos
  12 orcs
  4 bats
  7 giant cockroaches
  17 goblins
  7 hobgoblins
  6 jackals
  12 kobolds
  3 quokkas
  A ball python (D:1)
  5 giant newts
  11 rats
125 creatures vanquished.

Notes
Turn   | Place    | Note
--------------------------------------------------------------
     0 | D:1      | Mesmaeker13 the Demonspawn Hunter began the quest for the Orb.
     0 | D:1      | Reached XP level 1. HP: 16/16 MP: 1/1
   103 | D:1      | Gained mutation: You have large cloven feet. [demonic ancestry]
   103 | D:1      | Reached XP level 2. HP: 21/23 MP: 2/2
   673 | D:2      | Gained mutation: Your body sometimes deteriorates upon taking damage. [potion of mutation]
   673 | D:2      | Gained mutation: You are somewhat resistant to further mutation. [potion of mutation]
   674 | D:2      | Gained mutation: Your movements are slightly less encumbered by armour (ER -2). [demonic ancestry]
   674 | D:2      | Reached XP level 3. HP: 20/28 MP: 3/3
   761 | D:2      | Noticed Robin
   822 | D:2      | Killed Robin
   822 | D:2      | Reached skill level 4 in Crossbows
   822 | D:2      | Reached XP level 4. HP: 12/35 MP: 4/4
  1318 | D:2      | Found a shattered altar of Ashenzari.
  2066 | D:3      | Gained mutation: You have hoof-like feet. [demonic ancestry]
  2066 | D:3      | Reached XP level 5. HP: 17/41 MP: 5/5
  2364 | D:3      | Found an ancient bone altar of Kikubaaqudgha.
  2516 | D:4      | Noticed an ogre
  2522 | D:4      | Killed an ogre
  2522 | D:4      | Gained mutation: You are slightly more attuned to the shadows. [demonic ancestry]
  2522 | D:4      | Reached XP level 6. HP: 48/48 MP: 6/6
  3202 | D:4      | Reached skill level 5 in Crossbows
  3604 | D:5      | Entered Level 5 of the Dungeon
  3640 | D:5      | Reached XP level 7. HP: 19/55 MP: 7/7
  3915 | D:5      | Reached skill level 5 in Fighting
  4101 | D:5      | Found a staircase to the Ecumenical Temple.
  4224 | D:6      | Reached skill level 5 in Dodging
  4244 | D:7      | Reached skill level 6 in Crossbows
  4244 | D:7      | Gained mutation: You are significantly more attuned to the shadows. [demonic ancestry]
  4244 | D:7      | Reached XP level 8. HP: 5/63 MP: 8/8
  4244 | D:7      | HP: 2/63 [giant gecko (4)]
  4291 | D:7      | Noticed sarahorange's ghost (novice DsFi)
  4293 | D:7      | Mangled by an orc warrior

Skill      XL: |  1  2  3  4  5  6  7 |
---------------+----------------------+-----
Dodging        | 2 3 4 5 |  5.1
Fighting       | 3 4 5 |  5.6
Crossbows      | 4 5 6 |  6.0
Stealth        | |  0.8

Action                   |  1- 3 |  4- 6 |  7- 9 || total
-------------------------+-------+-------+-------++-------
Melee: Short sword       |   146 |    43 |       ||   189
       Kick              |    26 |    39 |    31 ||    96
       Dagger            |       |   107 |   105 ||   212
 Fire: Hand crossbow     |     7 |    69 |       ||    76
Evoke: Wand              |       |     1 |       ||     1
  Use: Potion            |     3 |       |       ||     3
       Scroll            |     3 |     2 |       ||     5
 Stab: Sleeping          |       |     3 |     1 ||     4
       Paralysed         |       |     1 |       ||     1
  Eat: Chunk             |       |     7 |     1 ||     8
       Pizza             |       |     1 |     1 ||     2
Armor: Leather armour    |    45 |       |       ||    45
       Ring mail         |       |    43 |    22 ||    65
       Animal skin       |       |     7 |       ||     7
Dodge: Dodged            |    91 |   124 |    67 ||   282
